 Dungeon Crawl Stone Soup version 0.22-a0-441-gcf5b0c6 (webtiles) character file.

346256 CanOfBees the Slayer (level 21, -13/215 HPs)
             Began as a Minotaur Berserker on May 30, 2018.
             Was the Champion of Trog.
             Killed from afar by a shadow dragon (39 damage)
             ... with a bolt of negative energy
             ... on level 5 of the Depths on May 31, 2018.
             The game lasted 02:08:31 (44839 turns).

CanOfBees the Slayer (Minotaur Berserker)          Turns: 44839, Time: 02:08:32

Health: -13/215    AC: 17    Str: 31    XL:     21   Next: 19%
Magic:  27/27      EV: 17    Int:  4    God:    Trog [******]
Gold:   780        SH: 22    Dex: 16    Spells: 20/20 levels left

rFire    + . .     SeeInvis +   a - +8 broad axe (freeze)
rCold    . . .     Gourm    .   l - +2 large shield
rNeg     . . .     Faith    .   K - +5 chain mail "Butur" {rF+ MR+++ Dex+5}
rPois    +         Spirit   .   g - +2 hat
rElec    .         Reflect  .   E - +2 cloak {rPois}
rCorr    .         Harm     .   I - +0 pair of gloves
MR       ++++.                  Q - +2 pair of boots
Stlth    ..........             N - amulet of regeneration
HPRegen  0.85/turn              C - +5 ring of slaying
MPRegen  0.20/turn              h - ring of see invisible

@: corroded, heavily drained
A: retaliatory headbutt, horns 2
}: 2/15 runes: decaying, serpentine
a: Berserk, Trog's Hand, Brothers in Arms, Renounce Religion


You were on level 5 of the Depths.
You worshipped Trog.
Trog was exalted by your worship.
You were not hungry.

You visited 7 branches of the dungeon, and saw 37 of its levels.
You visited 1 bazaar.
You also visited: Labyrinth.

You collected 3981 gold pieces.
You spent 3201 gold pieces at shops.

Inventory:

Hand Weapons
 a - a +8 broad axe of freezing (weapon)
 b - a +2 war axe of flaming
Missiles
 M - 3 silver javelins (quivered)
 O - 6 steel javelins
Armour
 g - a +2 hat (worn)
 l - a +2 large shield (worn)
 E - a +2 cloak of poison resistance (worn)
 I - a +0 pair of gloves (worn)
 K - the +5 chain mail "Butur" (worn) {rF+ MR+++ Dex+5}
   (You found it on level 1 of the Vaults)

   It affects your dexterity (+5).
   It protects you from fire.
   It affects your resistance to hostile enchantments.
 Q - a +2 pair of boots (worn)
Jewellery
 h - a ring of see invisible (right hand)
 C - a +5 ring of slaying (left hand)
 J - an uncursed ring of resist corrosion
 N - an amulet of regeneration (around neck)
 Z - an uncursed ring of positive energy
Wands
 p - a wand of paralysis (19)
 y - a wand of iceblast (9)
 D - a wand of flame (89)
 H - a wand of polymorph (47)
 X - a wand of disintegration (7)
 Y - a wand of enslavement (19)
Scrolls
 d - a scroll of magic mapping
 i - a scroll of silence
 m - 5 scrolls of immolation
 o - 2 scrolls of identify
 u - 8 scrolls of teleportation
 x - 12 scrolls of remove curse
 B - 6 scrolls of fear
 L - 2 scrolls of summoning
 T - a scroll of vulnerability
 U - 7 scrolls of fog
 W - 4 scrolls of holy word
Potions
 f - 3 potions of magic
 n - 3 potions of haste
 q - 4 potions of agility
 r - 2 potions of invisibility
 s - 3 potions of flight
 t - 7 potions of curing
 w - 4 potions of heal wounds
 z - 8 potions of brilliance
 G - a potion of mutation
 P - 5 potions of might
 R - 3 potions of ambrosia
 S - 2 potions of cancellation
Miscellaneous
 e - a phantom mirror
 j - a phial of floods
 k - a fan of gales
 v - a lightning rod (4/4)
 F - a lamp of fire
Comestibles
 c - 38 rations
 A - 4 chunks of flesh


   Skills:
 + Level 24.5(20.5) Fighting
 - Level 18.2(14.7) Axes
 + Level 9.6(6.7) Throwing
 - Level 10.0(7.1) Armour
 + Level 19.6(16.0) Dodging
 - Level 15.0(11.7) Shields
 + Level 10.3(7.4) Evocations


You had 20 spell levels left.
You didn't know any spells.
Your spell library was empty.

Dungeon Overview and Level Annotations

Branches:
Dungeon (15/15)            Temple (0/1) D:6            Lair (6/6) D:10
  Swamp (4/4) Lair:3        Snake (4/4) Lair:3        Slime (0/5) Lair:6
    Orc (2/2) D:10            Elf (0/3) Orc:2        Vaults (1/5) D:14
 Depths (5/5) D:15
    Zot: Depths:5

Altars:
Ashenzari
Cheibriados
Dithmenos
Elyvilon
Fedhas
Gozag
Kikubaaqudgha
Makhleb
Nemelex Xobeh
Okawaru
Qazlal
Ru
Sif Muna
Trog
Uskayaw
Vehumet
The Shining One
Beogh
Jiyva

Shops:
D:7 *   D:9 [   D:12 (   Orc:2 [:?!   Depths:5 *

Portals:
Hell: Depths:1 Depths:2 Depths:3 Depths:4
Abyss: Depths:3 Depths:4
Pandemonium: Depths:1 Depths:2 Depths:3 Depths:4
Ziggurat: Depths:3

Annotations:
Depths:5 Boris


Innate Abilities, Weirdness & Mutations

You reflexively headbutt those who attack you in melee.
You have a pair of horns on your head.


Message History

Boris is moderately damaged.
You hit the shadow dragon but do no damage.
You block Boris's attack. x2; You block the shadow dragon's attack. x2
The shadow dragon claws you!
You hit Boris but do no damage. Your headbutt misses Boris.
Boris is moderately damaged.
You slash the shadow dragon! You freeze the shadow dragon.
You block Boris's attack. x2; The shadow dragon barely misses you.
You furiously retaliate!
You headbutt the shadow dragon, but do no damage.
You block the shadow dragon's attack. The shadow dragon claws you.
You closely miss Boris. You headbutt Boris!
Boris is moderately damaged.
You hit the shadow dragon but do no damage.
Boris gestures at you while chanting. The bolt of cold hits you!
* * * LOW HITPOINT WARNING * * *
The shadow dragon breathes negative energy at you.
The bolt of negative energy hits you!
You feel drained.
You die...

....(....##.#
#.....'..#
#######.(..)####
.......()...#
........((..#
............#
............##
...........).#
.#######...@L#
#....D'..#
#.....#..#
#.....#..#
#.....# .#
#.....# ..
#.....# .#
#.....#


You could see Boris and a shadow dragon.

Vanquished Creatures
  Boris (Depths:3)
  Saint Roka (Depths:3)
  Vashnia (Snake:4)
  Margery (Depths:3)
  Nikola (Swamp:1)
  the Enchantress (Depths:3)
  Jorgrun (Depths:3)
  Rupert (D:14)
  3 tentacled monstrosities
  4 liches
  A quicksilver dragon (Depths:4)
  2 sphinxes (Depths:1)
  2 thorn hunters
  Frances (Swamp:1)
  2 tengu reavers (Depths:4)
  Roxanne (Swamp:1)
  7 nagarajas
  A shadow dragon (Depths:4)
  2 storm dragons
  4 fire giants
  Donald (Snake:3)
  A deep elf sorcerer (Depths:3)
  A balrug (Depths:3)
  Aizul (Snake:4)
  6 frost giants
  Louise (Depths:4)
  2 iron dragons (Depths:4)
  An ironheart preserver (Vaults:1)
  5 spriggan defenders
  2 reapers
  4 stone giants
  12 very ugly things
  3 vampire knights
  Nessos (D:13)
  A minotaur (Lab)
  5 dire elephants (Depths:2)
  A yellow draconian (Depths:5)
  2 spark wasps (Depths:4)
  2 merfolk javelineers
  4 ettins
  10 fire dragons
  A deep elf death mage (Depths:3)
  3 jiangshi (Depths:2)
  4 yaktaur captains
  9 naga warriors
  A rakshasa (Depths:4)
  A hell beast (Depths:1)
  Erolcha (D:13)
  32 hydras
  5 great orbs of eyes
  5 ice dragons
  9 anacondas
  7 centaur warriors
  2 death knights
  2 catoblepae
  6 spriggan air magi
  10 alligators
  5 ogre magi
  6 tengu warriors
  23 two-headed ogres
  6 deep troll shamans
  5 shock serpents
  7 deep troll earth magi
  21 naga sharpshooters
  5 orc high priests (Orc:2)
  The ghost of Maimakterion the Zephyrmancer, a novice TeAE of Qazlal (D:9)
  2 vampire magi
  3 spriggan berserkers
  9 hell knights
  Sonja (D:15)
  A fire crab (Depths:1)
  A fire crab (shapeshifter) (D:15)
  A salamander mystic (Depths:2)
  26 slime creatures
  A sixfirhy (Depths:1)
  A sea snake (shapeshifter) (D:15)
  A torturous demonspawn (Depths:3)
  A gelid demonspawn (Depths:2)
  6 skeletal warriors
  2 unseen horrors
  An unseen horror (shapeshifter) (D:14)
  A sea snake (Snake:2)
  An infernal demonspawn (Depths:2)
  7 naga ritualists
  3 flayed ghosts
  11 deep trolls
  2 glowing orange brains
  A wizard (Swamp:1)
  8 swamp dragons
  4 orc knights
  4 mana vipers
  A harpy (Depths:1)
  A phantasmal warrior (D:11)
  A harpy (shapeshifter) (Depths:1)
  A mana viper (shapeshifter) (Depths:4)
  2 deep elf magi
  A necromancer (Depths:2)
  A lindwurm (Lair:4)
  A faun (shapeshifter) (Depths:4)
  2 orc sorcerers (Orc:2)
  2 wolf spiders
  31 ugly things
  A stone giant zombie (Depths:2)
  8 salamanders
  17 elephants
  An elephant (shapeshifter) (D:15)
  A cyclops (D:12)
  3 manticores
  31 black mambas
  A vault sentinel (Vaults:1)
  2 guardian serpents (shapeshifter)
  The ghost of GuildmasterMusic the Chopper, a novice MiBe of Trog (D:5)
  Psyche (D:10)
  4 guardian serpents
  4 rust devils
  Maurice (D:10)
  22 naga magi
  A smoke demon (Depths:1)
  3 gargoyles
  29 spiny frogs
  A torpor snail (Lair:4)
  A freezing wraith (D:11)
  An efreet (D:14)
  7 yaktaurs
  3 komodo dragons
  2 rime drakes
  An ice devil (Depths:3)
  3 tengu conjurers
  2 meliai (D:13)
  7 tyrant leeches
  4 trolls
  16 bog bodies
  16 hornets
  A polar bear (Lair:5)
  11 dream sheep
  A blink frog (shapeshifter) (D:15)
  4 blink frogs
  6 hippogriffs
  9 water elementals
  2 ettin skeletons (Depths:2)
  2 vampires
  Sigmund (D:4)
  7 shadows
  2 wraiths
  10 redbacks
  A redback (shapeshifter) (Depths:3)
  13 spriggans
  15 wyverns
  A spriggan (shapeshifter) (Vaults:1)
  4 hungry ghosts
  3 basilisks
  16 humans (D:14)
  26 yaks
  18 vampire mosquitoes
  Grum (D:10)
  A steam dragon (D:11)
  3 chaos spawn
  43 nagas
  13 swamp worms
  4 wargs
  4 acid dragons
  3 insubstantial wisps (Swamp:4)
  23 water moccasins
  A soldier ant (D:10)
  3 hell hounds (Depths:1)
  13 porcupines
  19 swamp drakes
  3 ice beasts
  3 sky beasts
  37 orc warriors
  2 eyes of draining
  25 ogres
  4 black bears
  4 phantoms
  8 boggarts
  A wolf (shapeshifter) (Depths:2)
  16 centaurs
  11 wolves
  4 big kobolds
  Blork the orc (D:4)
  8 crocodiles
  19 bullfrogs
  7 scorpions
  A water moccasin zombie (D:8)
  9 killer bees
  An electric eel (Snake:2)
  11 wights
  14 crimson imps
  2 bullfrog zombies
  4 centaur zombies
  8 hounds
  26 orc priests
  8 jellies
  Crazy Yiuf (D:6)
  38 orc wizards
  5 centaur skeletons
  3 bullfrog skeletons
  4 iguanas
  14 worker ants
  A hound zombie (D:10)
  3 hound skeletons
  A worker ant zombie (D:9)
  Robin (D:4)
  8 gnolls
  16 adders
  4 shadow imps
  A white imp (Depths:3)
  An ufetubus (Depths:3)
  An ooze (D:2)
  An adder skeleton (D:5)
  A worm (D:3)
  2 dart slugs (D:3)
  5 leopard geckos
  94 orcs
  11 bats
  8 giant cockroaches
  11 goblins
  9 hobgoblins
  6 jackals (D:2)
  6 quokkas
  A ball python (Swamp:3)
  4 frilled lizards
  26 kobolds
  A quokka skeleton (D:7)
  6 rats
  5 fungi
  6 plants
1445 creatures vanquished.

Vanquished Creatures (collateral kills)
  the Lernaean hydra (Swamp:4)
  A salamander (Snake:3)
  A meliai (D:13)
3 creatures vanquished.

Vanquished Creatures (others)
  A yaktaur captain (Depths:5)
  3 naga sharpshooters (Snake:4)
  A naga mage (Snake:4)
  An orc priest (Orc:2)
  32 fungi
  21 plants
59 creatures vanquished.

Grand Total: 1507 creatures vanquished

Notes
Turn   | Place    | Note
-------+----------+-------------------------------------------
     0 | D:1      | CanOfBees the Minotaur Berserker began the quest for the Orb.
     0 | D:1      | Reached XP level 1. HP: 19/19 MP: 0/0
   242 | D:1      | Reached XP level 2. HP: 27/27 MP: 1/1
   436 | D:1      | Reached skill level 4 in Fighting
   950 | D:2      | Reached XP level 3. HP: 33/33 MP: 2/2
  1008 | D:2      | Reached ** piety under Trog
  1173 | D:2      | Reached XP level 4. HP: 26/41 MP: 3/3
  1298 | D:2      | Found a faded altar of an unknown god.
  1862 | D:3      | Reached XP level 5. HP: 47/47 MP: 4/4
  2147 | D:3      | Reached skill level 5 in Fighting
  2151 | D:3      | Reached skill level 5 in Axes
  2786 | D:4      | Noticed Blork the orc
  2815 | D:3      | Reached *** piety under Trog
  3280 | D:4      | Killed Blork the orc
  3280 | D:4      | Reached XP level 6. HP: 37/56 MP: 5/5
  3441 | D:4      | Noticed Robin
  3456 | D:4      | Killed Robin
  3775 | D:4      | Reached skill level 6 in Fighting
  3989 | D:4      | Reached skill level 5 in Dodging
  3989 | D:4      | Reached XP level 7. HP: 36/63 MP: 6/6
  4492 | D:4      | Noticed Sigmund
  4513 | D:4      | Killed Sigmund
  4720 | D:5      | Entered Level 5 of the Dungeon
  4776 | D:5      | Noticed GuildmasterMusic's ghost (novice MiBe)
  4785 | D:5      | Killed GuildmasterMusic's ghost
  4785 | D:5      | Reached skill level 7 in Fighting
  4785 | D:5      | Reached XP level 8. HP: 73/73 MP: 7/7
  5307 | D:5      | Reached skill level 8 in Fighting
  5329 | D:5      | Found a blossoming altar of Fedhas.
  5424 | D:5      | Found a glowing golden altar of the Shining One.
  5520 | D:5      | Found a burning altar of Makhleb.
  5521 | D:5      | Found a radiant altar of Vehumet.
  5554 | D:5      | Found a sacrificial altar of Ru.
  5601 | D:5      | Found a sparkling altar of Nemelex Xobeh.
  5911 | D:6      | Found an iron altar of Okawaru.
  6099 | D:6      | Found a staircase to the Ecumenical Temple.
  6184 | D:6      | Found the +7 Singing Sword
  6209 | D:6      | Reached XP level 9. HP: 77/82 MP: 8/8
  6267 | D:6      | Reached skill level 9 in Fighting
  6380 | D:6      | Found an ancient bone altar of Kikubaaqudgha.
  6525 | D:6      | Found a runed door.
  6530 | D:6      | Noticed Crazy Yiuf
  6533 | D:6      | Killed Crazy Yiuf
  7012 | D:5      | Found a shattered altar of Ashenzari.
  7042 | D:7      | Found a hide-covered altar of Uskayaw.
  7164 | D:7      | Reached **** piety under Trog
  7363 | D:7      | Found a stormy altar of Qazlal.
  7363 | D:7      | Found a bloodstained altar of Trog.
  7372 | D:7      | Reached skill level 10 in Fighting
  7375 | D:7      | Found a white marble altar of Elyvilon.
  7377 | D:7      | Found a faded altar of an unknown god.
  7379 | D:7      | Found a faded altar of an unknown god.
  7419 | D:7      | Found Xexzepp's Assorted Antiques.
  7479 | D:7      | Reached skill level 10 in Axes
  7989 | D:7      | Found a shadowy altar of Dithmenos.
  8390 | D:8      | Reached XP level 10. HP: 94/94 MP: 9/9
  8698 | D:9      | Found a snail-covered altar of Cheibriados.
  8739 | D:9      | Noticed a two-headed ogre
  8745 | D:9      | Reached ***** piety under Trog
  8757 | D:9      | Killed a two-headed ogre
  8757 | D:9      | Reached skill level 11 in Fighting
  8757 | D:9      | Reached skill level 10 in Dodging
  8848 | D:9      | Got a spiked ring mail
  8855 | D:9      | Found Dolalos's Antique Armour Emporium.
  8865 | D:9      | Bought a dazzling chain mail for 218 gold pieces
  8876 | D:9      | Identified the +1 chain mail of the Sparrow {SInv Stlth+} (You bought it in a shop on level 9 of the Dungeon)
  8907 | D:9      | Noticed Maimakterion's ghost (novice TeAE)
  8924 | D:9      | Killed Maimakterion's ghost
  9053 | D:9      | Received a gift from Trog
  9110 | D:9      | Noticed a two-headed ogre
  9127 | D:9      | Killed a two-headed ogre
  9127 | D:9      | Reached skill level 12 in Fighting
  9253 | D:9      | Reached XP level 11. HP: 81/104 MP: 10/10
  9693 | D:9      | Identified the +0 ring mail of the Duchess {rElec} (You found it on level 9 of the Dungeon)
  9697 | D:10     | Entered Level 10 of the Dungeon
  9741 | D:10     | Noticed an unseen horror
  9758 | D:10     | Killed an unseen horror
  9945 | D:10     | Noticed a deep elf mage
  9946 | D:10     | Noticed Psyche
  9981 | D:10     | Killed a deep elf mage
  9990 | D:10     | Killed Psyche
 10334 | D:10     | Noticed a centaur warrior
 10345 | D:10     | Killed a centaur warrior
 10381 | D:10     | Noticed a catoblepas
 10413 | D:10     | Killed a catoblepas
 10944 | D:10     | Reached skill level 13 in Fighting
 11075 | D:10     | Found a staircase to the Lair.
 11135 | D:10     | Found a staircase to the Orcish Mines.
 11153 | D:10     | Noticed Maurice
 11161 | D:10     | Killed Maurice
 11161 | D:10     | Reached skill level 1 in Shields
 11252 | D:10     | Noticed a death knight
 11275 | D:10     | Killed a death knight
 11553 | D:10     | Noticed Grum
 11567 | D:10     | Killed Grum
 11627 | D:10     | Noticed a two-headed ogre
 11634 | D:10     | Killed a two-headed ogre
 11799 | D:11     | Noticed an unseen horror
 11807 | D:11     | Killed an unseen horror
 11807 | D:11     | Reached XP level 12. HP: 93/115 MP: 11/11
 11851 | D:11     | Noticed a death knight
 12337 | D:11     | Noticed a two-headed ogre
 12350 | D:11     | Killed a two-headed ogre
 12370 | D:11     | Reached skill level 5 in Shields
 12577 | Lair:1   | Entered Level 1 of the Lair of Beasts
 12774 | Lair:1   | Noticed a four-headed hydra
 12782 | Lair:1   | Killed a one-headed hydra
 12853 | Lair:1   | Found a deep blue altar of Sif Muna.
 12901 | Lair:1   | Reached skill level 14 in Fighting
 13259 | Lair:1   | Received a gift from Trog
 14028 | Lair:2   | Noticed a six-headed hydra
 14035 | Lair:2   | Killed a two-headed hydra
 14679 | Lair:3   | Found a staircase to the Snake Pit.
 14966 | Lair:3   | Noticed a six-headed hydra
 14975 | Lair:3   | Killed a three-headed hydra
 15169 | Lair:3   | Noticed an eight-headed hydra
 15172 | Lair:3   | Reached XP level 13. HP: 125/125 MP: 12/12
 15403 | Lair:3   | Found a staircase to the Swamp.
 15969 | Lair:4   | Reached skill level 15 in Fighting
 15982 | Lair:4   | Reached skill level 15 in Axes
 16917 | Lair:5   | Received a gift from Trog
 16935 | Lair:5   | Got an iridescent morningstar {god gift}
 16937 | Lair:5   | Identified the +1 morningstar of Outrage {venom, Str+4 Int-5 Dex+4} (Trog gifted it to you on level 5 of the Lair of Beasts)
 17398 | Lair:6   | Entered Level 6 of the Lair of Beasts
 17425 | Lair:6   | Reached skill level 1 in Throwing
 17638 | Lair:6   | Found a staircase to the Slime Pits.
 17640 | Lair:6   | Found a viscous altar of Jiyva.
 17700 | Lair:6   | Reached skill level 16 in Fighting
 17822 | Lair:6   | Reached XP level 14. HP: 111/137 MP: 13/13
 17825 | Lair:6   | Reached skill level 1 in Evocations
 18302 | Lair:6   | Identified Wovimn's Incunabulum of Toxic Fire
 18858 | Lair:6   | Received a gift from Trog
 19240 | D:12     | Found an opulent altar of Gozag.
 19329 | D:12     | Found a labyrinth entrance.
 19329 | D:12     | Found Ekyzijeuwi's Weapon Boutique.
 19338 | Lab      | Entered a labyrinth
 19604 | Lab      | Identified the Catalogue of Earthen Necromancy
 19626 | Lab      | Reached skill level 15 in Dodging
 19632 | Lab      | Got a fine brass ring
 19634 | Lab      | Identified the ring "Vecwof" {Wiz rElec MR+ Dex-3} (You found it in a labyrinth)
 19694 | Lab      | Identified a scroll of acquirement
 19697 | Lab      | Got a transparent battleaxe
 19743 | Lab      | Identified the +9 battleaxe "Beetlebane" {chop, Str+4 Int+2} (You acquired it in a labyrinth)
 20921 | D:13     | Identified the cursed +1 scale mail "Xof Viy" {+Inv rN++} (You found it on level 13 of the Dungeon)
 21223 | D:13     | Received a gift from Trog
 21500 | D:13     | Noticed Nessos
 21513 | D:13     | Killed Nessos
 21576 | D:13     | Noticed Erolcha
 21584 | D:13     | Killed Erolcha
 21584 | D:13     | Reached skill level 17 in Fighting
 21584 | D:13     | Reached skill level 5 in Evocations
 21712 | D:13     | Reached XP level 15. HP: 147/147 MP: 17/17
 21787 | D:13     | You fall through a shaft!
 22050 | D:14     | Noticed Rupert
 22072 | D:14     | Killed Rupert
 22237 | D:14     | Found a gate to the Vaults.
 22495 | D:14     | Received a gift from Trog
 22970 | D:15     | Entered Level 15 of the Dungeon
 23064 | D:15     | Noticed Sonja
 23404 | D:15     | Killed Sonja
 23848 | D:15     | Received a gift from Trog
 23862 | D:15     | Found a staircase to the Depths.
 24177 | Swamp:1  | Entered Level 1 of the Swamp
 24183 | Swamp:1  | Noticed Frances
 24196 | Swamp:1  | Killed Frances
 24222 | Swamp:1  | Noticed Roxanne
 24247 | Swamp:1  | Killed Roxanne
 24248 | Swamp:1  | Identified Roxanne's Disquisition on the Mountains (You took it off Roxanne on level 1 of the Swamp)
 24332 | Swamp:1  | Identified the cursed +1 leather armour of Hedonism {rElec Str+3 Int+4} (You found it on level 1 of the Swamp)
 24526 | Swamp:1  | Reached skill level 18 in Fighting
 24889 | Swamp:1  | Noticed Nikola
 24901 | Swamp:1  | Killed Nikola
 24901 | Swamp:1  | Reached XP level 16. HP: 157/157 MP: 20/20
 25363 | Swamp:1  | Identified the +2 leather armour of Jaahuw {rN++} (You found it on level 1 of the Swamp)
 26636 | Swamp:2  | Noticed a thorn hunter
 26651 | Swamp:2  | Killed a thorn hunter
 27155 | Swamp:3  | Got a scorched turquoise ring
 27156 | Swamp:3  | Identified the ring "Vacuq" {rPois rF+ MR++ Str-3} (You found it on level 3 of the Swamp)
 27832 | Swamp:4  | Entered Level 4 of the Swamp
 27842 | Swamp:3  | Reached ****** piety under Trog
 27968 | Swamp:4  | Reached skill level 19 in Fighting
 28002 | Swamp:4  | Received a gift from Trog
 28038 | Swamp:4  | Noticed a thorn hunter
 28049 | Swamp:4  | Killed a thorn hunter
 28190 | Swamp:4  | HP: 3/160 [bog body/bolt of cold (16)]
 28192 | Swamp:4  | Noticed the 27-headed Lernaean hydra
 28197 | Swamp:4  | HP: 8/160 [poisoned by a swamp dragon (blast of poison)]
 28596 | Swamp:4  | Killed the 25-headed Lernaean hydra
 28596 | Swamp:4  | Reached skill level 10 in Evocations
 28596 | Swamp:4  | Reached XP level 17. HP: 116/168 MP: 23/23
 28692 | Swamp:4  | Got a decaying rune of Zot
 29345 | Orc:1    | Entered Level 1 of the Orcish Mines
 29671 | Orc:2    | Entered Level 2 of the Orcish Mines
 29754 | Orc:2    | Found a staircase to the Elven Halls.
 29888 | Orc:2    | Received a gift from Trog
 29915 | Orc:2    | Got a bloodstained executioner's axe {god gift}
 29920 | Orc:2    | Identified the +3 executioner's axe "Soliarryu" {protect, Dex+6} (Trog gifted it to you on level 2 of the Orcish Mines)
 30081 | Orc:2    | Found Hisch's Magic Scroll Boutique.
 30081 | Orc:2    | Found Syppakh's Antique Armour Shop.
 30083 | Orc:2    | Found Pyr Hia's Book Shop.
 30095 | Orc:2    | Found Seel's Distillery.
 30322 | Orc:2    | Found a roughly hewn altar of Beogh.
 30415 | Orc:2    | Found a roughly hewn altar of Beogh.
 30824 | Orc:2    | Bought a scroll of holy word for 112 gold pieces
 30824 | Orc:2    | Bought a scroll of identify for 30 gold pieces
 30824 | Orc:2    | Bought a scroll of teleportation for 45 gold pieces
 30824 | Orc:2    | Bought a scroll of holy word for 112 gold pieces
 30824 | Orc:2    | Bought a scroll of teleportation for 45 gold pieces
 30824 | Orc:2    | Bought a scroll of vulnerability for 112 gold pieces
 30824 | Orc:2    | Bought a scroll of enchant armour for 112 gold pieces
 30824 | Orc:2    | Bought a scroll of acquirement for 780 gold pieces
 30837 | Orc:2    | Got a dazzling battleaxe
 30840 | Orc:2    | Identified the +9 battleaxe "Joyrais" {drain, rPois} (You acquired it on level 2 of the Orcish Mines)
 30845 | Orc:2    | Bought a pair of embroidered boots for 240 gold pieces
 30845 | Orc:2    | Bought a pair of brightly glowing boots for 304 gold pieces
 30847 | Orc:2    | Identified the +0 pair of boots "Izokk" {rPois MR- rCorr Str-3} (You bought it in a shop on level 2 of the Orcish Mines)
 30853 | Orc:2    | Bought a potion of heal wounds for 75 gold pieces
 30853 | Orc:2    | Bought a potion of heal wounds for 75 gold pieces
 30853 | Orc:2    | Bought a potion of haste for 150 gold pieces
 30985 | Snake:1  | Entered Level 1 of the Snake Pit
 30992 | Snake:1  | Received a gift from Trog
 31836 | Snake:1  | Reached skill level 5 in Armour
 32358 | Snake:2  | Found a flickering gateway to a bazaar.
 32367 | Bazaar   | Entered a bazaar
 32371 | Bazaar   | Found Adujad's Jewellery Boutique.
 32389 | Bazaar   | Found Extofag's Antique Weapon Shoppe.
 32406 | Bazaar   | Found Duipitz's Food Boutique.
 32426 | Bazaar   | Found Ocrukhok's Assorted Antiques.
 32465 | Bazaar   | Bought a scroll of enchant weapon for 210 gold pieces
 32465 | Bazaar   | Bought a scroll of immolation for 98 gold pieces
 32465 | Bazaar   | Bought a scroll of identify for 56 gold pieces
 32599 | Snake:2  | Received a gift from Trog
 33933 | Snake:3  | Reached skill level 20 in Fighting
 34378 | Snake:4  | Entered Level 4 of the Snake Pit
 34425 | Snake:4  | Noticed Donald
 34429 | Snake:4  | Received a gift from Trog
 34455 | Snake:3  | Killed Donald
 34819 | Snake:4  | Received a gift from Trog
 34978 | Snake:4  | Noticed Vashnia
 35041 | Snake:4  | Reached XP level 18. HP: 91/178 MP: 24/24
 35308 | Snake:4  | Killed Vashnia
 35308 | Snake:4  | Reached skill level 10 in Armour
 35413 | Snake:4  | Noticed Aizul
 35434 | Snake:4  | Killed Aizul
 36640 | Snake:4  | Reached skill level 10 in Shields
 37238 | Snake:4  | Received a gift from Trog
 37293 | Snake:4  | Got a serpentine rune of Zot
 37650 | Vaults:1 | Entered Level 1 of the Vaults
 37817 | Vaults:1 | Got a pitted chain mail
 37819 | Vaults:1 | Identified the +5 chain mail "Butur" {rF+ MR+++ Dex+5} (You found it on level 1 of the Vaults)
 37878 | Depths:1 | Entered Level 1 of the Depths
 38016 | Depths:1 | Reached skill level 21 in Fighting
 38056 | Depths:1 | Received a gift from Trog
 38163 | Depths:1 | Received a gift from Trog
 38499 | Depths:1 | Found a one-way gate leading to the halls of Pandemonium.
 38528 | Depths:1 | Found a gateway to Hell.
 38639 | Depths:1 | Reached XP level 19. HP: 119/189 MP: 25/25
 39761 | Depths:2 | Reached skill level 15 in Shields
 40155 | Depths:2 | Reached skill level 22 in Fighting
 40332 | Depths:2 | Received a gift from Trog
 40890 | Depths:3 | Noticed Jorgrun
 40890 | Depths:3 | Noticed Saint Roka
 41149 | Depths:3 | Noticed Boris
 41154 | Depths:3 | Killed Jorgrun
 41171 | Depths:3 | Killed Boris
 41171 | Depths:3 | Reached skill level 23 in Fighting
 41392 | Depths:3 | Killed Saint Roka
 41399 | Depths:3 | Received a gift from Trog
 41512 | Depths:3 | Found a one-way gate to the infinite horrors of the Abyss.
 41707 | Depths:3 | Reached XP level 20. HP: 195/204 MP: 26/26
 41708 | Depths:3 | Reached skill level 5 in Throwing
 41862 | Depths:3 | Noticed Margery
 41886 | Depths:3 | Killed Margery
 41893 | Depths:3 | Noticed the Enchantress
 42116 | Depths:3 | Found a gateway to a ziggurat.
 42632 | Depths:3 | Received a gift from Trog
 42637 | Depths:3 | Killed the Enchantress
 43297 | Depths:4 | Reached skill level 24 in Fighting
 43309 | Depths:4 | Got a fine pewter ring
 43311 | Depths:4 | Identified the ring of Tudess {Wiz rPois} (You found it on level 4 of the Depths)
 43618 | Depths:4 | Noticed Louise
 43637 | Depths:4 | Killed Louise
 43865 | Depths:4 | Identified the ring of Idwem {rCorr *Slow +Blink rElec SInv} (You found it on level 4 of the Depths)
 43917 | Depths:4 | Identified the +8 demon blade of Dogiehi {speed, rPois Dex+2} (You found it on level 4 of the Depths)
 44406 | Depths:4 | Reached XP level 21. HP: 201/215 MP: 27/27
 44442 | Depths:5 | Entered Level 5 of the Depths
 44577 | Depths:5 | Received a gift from Trog
 44634 | Depths:5 | Found Usaegiv's General Store.
 44642 | Depths:5 | Bought a scroll of enchant weapon for 105 gold pieces
 44642 | Depths:5 | Bought a scroll of remove curse for 42 gold pieces
 44642 | Depths:5 | Bought an uncursed ring of positive energy for 280 gold pieces
 44791 | Depths:5 | Found Emmypium's General Store.
 44822 | Depths:5 | Noticed Boris
 44839 | Depths:5 | Killed from afar by a shadow dragon

Vault maps used:
D:1:      minmay_arrival_up_and_down
D:2:      chequers_ecumenical_altar_island
D:4:      uniq_sigmund, uniq_blork_the_orc, uniq_robin
D:5:      grunt_temple_overflow_lords_of_destruction, fedhas_altar_2,
          nicolae_overflow_hidden_temple, tso_oasis_becter, first_ration,
          hangedman_decor_clover_reticule
D:6:      old_forge, kiku_gazebo_garden_becter, minmay_temple_entry_overgrown,
          okawaru_gym_becter, uniq_crazy_yiuf_cottage
D:7:      chequers_temple_overflow_minitemple, eat_drink_and_be_merry_uskayaw,
          serial_shops, nicolae_shop_behind_doors, basic_altar
D:9:      hangedman_cross_stitches, cheibriados_altar_1, serial_shops, shop,
          blue_anna_alchemist
D:10:     minmay_cut_squares, grunt_lair_entry_orc_guard_hut, uniq_maurice,
          uniq_grum, uniq_psyche
D:12:     minmay_bloctagon_deflated, lab_entry_generic, serial_shops, shop,
          nicolae_gozag_seed_capital
D:13:     spider_trap, kennysheep_nub, grunt_ministairs_3, uniq_erolcha,
          uniq_nessos
D:14:     david_vaults_3, minmay_staircase_bubble
D:15:     gammafunk_enter_depths_forms, uniq_sonja
Lair:1:   basic_altar, beast_lair_carwin_6, grunt_megastairs_1,
          lemuel_fruit_fields
Lair:3:   minmay_swamp_entry_swarm, guppyfry_snake_entry_island,
          serial_bayou_shore_a
Lair:5:   patterned_corridor, lemuel_fruit_tree
Lair:6:   hangedman_lair_tendril_chambers, slime_altar_1
Swamp:1:  evilmike_swamp_ruin_rubble_2, grunt_witch_cave, uniq_nikola,
          uniq_frances, uniq_roxanne
Swamp:2:  hangedman_swamp_ruin_wall, swamp_pool4, hangedman_swamp_muck
Swamp:3:  evilmike_swamp_ruin_house_2, nicolae_swamp_snake_nest
Swamp:4:  grunt_swamp_rune_castle, swamp_pool3
Snake:2:  serial_shops, bzr_entry_islet, serial_bayou_crossing
Snake:3:  basic_stair_grate_trap
Snake:4:  snake_pit, uniq_donald, uniq_vashnia, uniq_aizul
Orc:2:    st_orc_mages, basic_altar, lemuel_statue_altar
Vaults:1: v_pattern_4, st_octagons_2, nicolae_vaults_sealed_display,
          vaults_room_semicircle, v_misc_29, serial_ice_h, v_misc_5, basic_altar
Depths:1: hell_entry, rand_demon_pan_entry_3, special_room, hex_tiny,
          kennysheep_flooded_box, kennysheep_two_boxes
Depths:2: kennysheep_ogre_elephant_herders, rand_demon_pan_entry_8,
          kennysheep_minor_cross, pf_dread_powers_of_hell,
          kennysheep_generic_room_15
Depths:3: minmay_stepped, enter_ziggurat_c, nicolae_two_hexagons, abyss_entry,
          grunt_pan_entry_zigzag, hell_entry, infiniplex_staircase_zigzag_1,
          uniq_jorgrun, uniq_enchantress, uniq_margery, uniq_boris,
          uniq_saint_roka
Depths:4: minmay_chopped_fan, kennysheep_big_empty_room, pf_coc_iceberg,
          nicolae_abyss_entry_one_way_or_another, pan_entry, spider_trap,
          serial_bayou_pond_c
Depths:5: grunt_x_marks_the_spot, serial_shops, shop, shop,
          hangedman_abyss_or_decor_lesser_grid, hell_entry, uniq_boris
Lab:      labyrinth_mini_lab
Bazaar:   bazaar_jpeg_circle_common

Skill      XL: |  1  2  3  4  5  6  7  8  9 10 11 12 13 14 15 16 17 18 19 20 |
---------------+-------------------------------------------------------------+-----
Fighting       | 4 5 6 7 8 10 12 13 14 16 17 18 19 20 21 23 24 | 24.5
Axes           | 4 5 6 7 8 10 11 13 14 16 18 | 18.2
Armour         | 3 9 10 | 10.0
Dodging        | 3 4 5 6 7 9 10 12 13 14 15 16 17 18 19 | 19.6
Shields        | 3 5 7 13 15 | 15.0
Throwing       | 2 4 9 |  9.6
Evocations     | 5 7 10 | 10.3

Action                   |  1- 3 |  4- 6 |  7- 9 | 10-12 | 13-15 | 16-18 | 19-21 || total
-------------------------+-------+-------+-------+-------+-------+-------+-------++-------
Melee: Hand axe          |    72 |    94 |       |    26 |    34 |   169 |       ||   395
       Headbutt          |     8 |    22 |    52 |   116 |   258 |   334 |   262 ||  1052
       War axe           |       |    44 |   191 |   238 |       |    19 |    57 ||   549
       Double sword      |       |       |    29 |       |       |       |       ||    29
       Broad axe         |       |       |       |   185 |   928 |   877 |   666 ||  2656
       Executioner's axe |       |       |       |       |       |    76 |       ||    76
       Battleaxe         |       |       |       |       |       |    45 |       ||    45
Throw: Stone             |     1 |     8 |       |       |       |       |       ||     9
       Tomahawk          |       |    17 |    11 |    47 |    52 |     8 |       ||   135
       Javelin           |       |       |       |     3 |       |   134 |    13 ||   150
       Throwing net      |       |       |       |       |     1 |       |       ||     1
Invok: Berserk           |       |     1 |     1 |     1 |    10 |     1 |     3 ||    17
       Trog's Hand       |       |       |     2 |     9 |    17 |    13 |     8 ||    49
       Brothers in Arms  |       |       |       |       |       |     2 |       ||     2
 Abil: Evoke Invisibilit |       |       |       |       |       |     1 |       ||     1
Evoke: Wand              |       |       |       |    11 |    11 |    35 |     1 ||    58
       Sack of spiders   |       |       |       |       |     1 |       |       ||     1
       Lightning rod     |       |       |       |       |       |     2 |       ||     2
  Use: Scroll            |     2 |     2 |     5 |    11 |    19 |    23 |     7 ||    69
       Potion            |       |     1 |     2 |     4 |     1 |     9 |     3 ||    20
 Stab: Sleeping          |     1 |       |       |       |       |       |       ||     1
       Paralysed         |       |       |       |     3 |     5 |       |       ||     8
       Distracted        |       |       |       |       |     1 |       |     2 ||     3
       Confused          |       |       |       |       |       |     2 |       ||     2
  Eat: Chunk             |     1 |     7 |     5 |    16 |    31 |    11 |    17 ||    88
       Ration            |       |     1 |     3 |     3 |     6 |    12 |     3 ||    28
Armor: Animal skin       |    30 |    23 |       |       |       |       |       ||    53
       Chain mail        |       |    42 |    98 |   218 |   364 |   420 |   188 ||  1330
Dodge: Dodged            |    51 |   106 |   112 |   207 |   423 |   598 |   255 ||  1752
Block: Shield            |       |       |       |   107 |   477 |   540 |       ||  1124
       Reflection        |       |       |       |       |       |    60 |       ||    60
       Large shield      |       |       |       |       |       |   176 |   744 ||   920
       Rpst.: Double sword |       |       |     3 |       |       |       |       ||     3

Table legend:
 A = Spawn XP
 B = Non-spawn XP
 C = Spawn XP percentage of total XP
 D = Spawn monster count
 E = Non-spawn monster count
 F = Spawn count percentage of total count
 G = Total turns spent on level
                    A         B        C        D         E        F      G
               +---------+---------+-------+---------+---------+-------+---------
         Total |       0 |  608142 |   0.0 |       0 |    1442 |   0.0 | 44839
               +---------+---------+-------+---------+---------+-------+---------
           D:1 |       0 |      42 |   0.0 |       0 |      17 |   0.0 |  1041
           D:2 |       0 |     144 |   0.0 |       0 |      32 |   0.0 |   773
           D:3 |       0 |     158 |   0.0 |       0 |      28 |   0.0 |  1449
           D:4 |       0 |     804 |   0.0 |       0 |      27 |   0.0 |  1650
           D:5 |       0 |    1063 |   0.0 |       0 |      15 |   0.0 |   874
           D:6 |       0 |    1149 |   0.0 |       0 |      25 |   0.0 |  1231
           D:7 |       0 |    1933 |   0.0 |       0 |      37 |   0.0 |  1179
           D:8 |       0 |    1025 |   0.0 |       0 |      13 |   0.0 |   539
           D:9 |       0 |    5536 |   0.0 |       0 |      45 |   0.0 |   961
          D:10 |       0 |    9809 |   0.0 |       0 |      50 |   0.0 |  2477
          D:11 |       0 |    7722 |   0.0 |       0 |      39 |   0.0 |   744
          D:12 |       0 |    4369 |   0.0 |       0 |      22 |   0.0 |   885
          D:13 |       0 |   20806 |   0.0 |       0 |      64 |   0.0 |  1283
          D:14 |       0 |   22372 |   0.0 |       0 |      66 |   0.0 |  1504
          D:15 |       0 |   16746 |   0.0 |       0 |      45 |   0.0 |   799
        Lair:1 |       0 |    5392 |   0.0 |       0 |      24 |   0.0 |  1980
        Lair:2 |       0 |    3019 |   0.0 |       0 |      10 |   0.0 |   831
        Lair:3 |       0 |    4943 |   0.0 |       0 |      16 |   0.0 |  1469
        Lair:4 |       0 |    6989 |   0.0 |       0 |      28 |   0.0 |   841
        Lair:5 |       0 |    7586 |   0.0 |       0 |      26 |   0.0 |   756
        Lair:6 |       0 |   21652 |   0.0 |       0 |      69 |   0.0 |  1672
       Swamp:1 |       0 |   17960 |   0.0 |       0 |      27 |   0.0 |  1442
       Swamp:2 |       0 |   20349 |   0.0 |       0 |      44 |   0.0 |  1553
       Swamp:3 |       0 |   10248 |   0.0 |       0 |      28 |   0.0 |   743
       Swamp:4 |       0 |   27766 |   0.0 |       0 |      56 |   0.0 |  1276
       Snake:1 |       0 |   16193 |   0.0 |       0 |      33 |   0.0 |   616
       Snake:2 |       0 |   13663 |   0.0 |       0 |      24 |   0.0 |  1145
       Snake:3 |       0 |   16097 |   0.0 |       0 |      26 |   0.0 |  1609
       Snake:4 |       0 |   56030 |   0.0 |       0 |      83 |   0.0 |  2161
         Orc:1 |       0 |    2525 |   0.0 |       0 |      26 |   0.0 |   494
         Orc:2 |       0 |    8855 |   0.0 |       0 |      80 |   0.0 |  1066
      Vaults:1 |       0 |    7867 |   0.0 |       0 |      16 |   0.0 |   213
      Depths:1 |       0 |   55035 |   0.0 |       0 |      69 |   0.0 |  1431
      Depths:2 |       0 |   48118 |   0.0 |       0 |      59 |   0.0 |  1680
      Depths:3 |       0 |   84459 |   0.0 |       0 |      94 |   0.0 |  2093
      Depths:4 |       0 |   56013 |   0.0 |       0 |      56 |   0.0 |  1339
      Depths:5 |       0 |   22459 |   0.0 |       0 |      22 |   0.0 |   319
           Lab |       0 |    1246 |   0.0 |       0 |       1 |   0.0 |   491
               +---------+---------+-------+---------+---------+-------+---------
